 Dungeon Crawl Stone Soup version 0.19-a0-854-gc78d25d (webtiles) character file.

2454 Implojin the Cleaver (level 9, -11/70 HPs)
             Began as a Minotaur Fighter on July 2, 2016.
             Was an Initiate of Okawaru.
             Mangled by a centaur warrior (12 damage)
             ... on level 11 of the Dungeon.
             The game lasted 00:17:16 (2539 turns).

Implojin the Cleaver (Minotaur Fighter)             Turns: 2539, Time: 00:17:17

Health: -11/70     AC: 11    Str: 21    XL:     9   Next: 25%
Magic:  8/8        EV:  7    Int:  5    God:    Okawaru [......]
Gold:   130        SH:  9    Dex: 13    Spells: 0 memorised, 8 levels left

rFire  . . .     SeeInvis .     a - +0 war axe
rCold  + . .     Gourm    .     i - +2 scale mail {rC+}
rNeg   . . .     Faith    .     c - +0 shield
rPois  .         Spirit   .     (helmet restricted)
rElec  .         Dismiss  .     (no cloak)
rCorr  +         Reflect  .     d - +1 pair of gloves
SustAt .         Harm     .     (no boots)
MR     .....                    (no amulet)
Stlth  +.........               s - ring of stealth
                                k - ring of resist corrosion

@: very slightly contaminated, invisible, not resistant to hostile enchantments,
very unstealthy
A: retaliatory headbutt, horns 2
a: Renounce Religion


You were on level 11 of the Dungeon.
You worshipped Okawaru.
Okawaru was noncommittal.
You were hungry.

You visited 2 branches of the dungeon, and saw 12 of its levels.

You collected 130 gold pieces.

Inventory:

Hand Weapons
 a - a +0 war axe (weapon)
Missiles
 m - 7 javelins (quivered)
 K - 3 curare-tipped needles
Armour
 b - a +0 scale mail
 c - a +0 shield (worn)
 d - a +1 pair of gloves (worn)
 i - a +2 scale mail of cold resistance (worn)
 n - a +2 buckler
 t - a +2 leather armour of poison resistance
 E - a +0 plate armour
Jewellery
 k - a ring of resist corrosion (left hand)
 s - a ring of stealth (right hand)
 u - an uncursed ring of teleportation
 x - an uncursed ring of fire
Wands
 e - a wand of disintegration (16/24)
 j - a wand of heal wounds (5/9)
 y - a wand of acid (1/15)
 H - a wand of lightning (6/15)
Scrolls
 h - a scroll of teleportation
 l - 2 scrolls of enchant armour
 o - 2 scrolls of remove curse
 r - 2 scrolls of blinking
 B - a scroll of vulnerability {unknown}
 C - a scroll of noise {unknown}
 F - a scroll of random uselessness {unknown}
 G - 3 scrolls of amnesia {unknown}
Potions
 g - 2 potions of curing
 p - a potion of cancellation
 v - a potion of agility
 z - a potion of lignification
 A - a potion of invisibility
Books
 w - Ygezixi's Guide on Helpful Bewitchment
   (You found it on level 10 of the Dungeon)

   Spells                             Type                      Level
   a - Spectral Weapon                Hexes/Charms                 3
   b - Summon Guardian Golem          Hexes/Summoning              3
   c - Haste                          Charms                       6
 D - the Reference Book on the Assistive Voyage
   (You found it on level 10 of the Dungeon)

   Spells                             Type                      Level
   a - Shroud of Golubria             Charms/Translocation         2
   b - Repel Missiles                 Charms/Air                   2
   c - Spectral Weapon                Hexes/Charms                 3
   d - Passage of Golubria            Translocation                4
Comestibles
 f - 6 bread rations
 q - 5 meat rations
 J - a beef jerky


   Skills:
 - Level 3.6 Fighting
 * Level 14.3 Axes
 - Level 3.6 Armour
 - Level 3.6 Shields


You had 8 spell levels left.
You didn't know any spells.

Dungeon Overview and Level Annotations

Branches:
Dungeon (11/15)            Temple (1/1) D:5            Lair (0/6) D:11
    Orc (0/2) D:11

Altars:
Ashenzari
Cheibriados
Dithmenos
Elyvilon
Fedhas
Gozag
Hepliaklqana
Kikubaaqudgha
Makhleb
Nemelex Xobeh
Okawaru
Pakellas
Qazlal
Ru
Sif Muna
Trog
Uskayaw
Vehumet
Xom
Yredelemnul
Zin
The Shining One

Shops:
D:4 *   D:7 %

Annotations:
D:10 exclusion: orange crystal statue


Innate Abilities, Weirdness & Mutations

You reflexively headbutt those who attack you in melee.
You have a pair of horns on your head.


Message History

The centaur warrior completely misses you.
The centaur warrior hits you.
* * * LOW HITPOINT WARNING * * *
Unknown command.
You catch the helpless centaur warrior completely off-guard!
You slash the centaur warrior!
The centaur warrior is moderately wounded.
The centaur warrior hits you!
* * * LOW HITPOINT WARNING * * *
Unknown command.
You closely miss the centaur warrior.
You headbutt the centaur warrior, but do no damage.
The centaur warrior is moderately wounded.
You block the centaur warrior's attack.
You catch the helpless centaur warrior completely off-guard!
You slash the centaur warrior!
The centaur warrior is heavily wounded.
The centaur warrior hits you but does no damage. x2
You barely miss the centaur warrior.
The centaur warrior is heavily wounded.
The centaur warrior hits you.
* * * LOW HITPOINT WARNING * * *
Unknown command.
You strike the helpless centaur warrior from behind!
You slash the centaur warrior!
The centaur warrior is heavily wounded.
You block the centaur warrior's attack.
You catch the helpless centaur warrior completely off-guard!
You hit the centaur warrior but do no damage.
The centaur warrior is heavily wounded.
You block the centaur warrior's attack.
You barely miss the centaur warrior.
The centaur warrior is heavily wounded.
The centaur warrior hits you.
* * * LOW HITPOINT WARNING * * *
You barely miss the centaur warrior. You headbutt the centaur warrior!
The centaur warrior is severely wounded.
You are feeling hungry.
The centaur warrior hits you!
You die...

***≈≈≈≈≈≈≈≈≈≈≈≈≈≈≈≈≈≈≈≈≈*,,,
*≈≈≈≈≈≈≈≈≈≈≈≈≈≈≈≈≈≈≈≈≈≈≈≈**,
***≈≈≈≈≈≈≈≈≈≈≈≈≈≈≈≈≈≈******,
***≈≈≈≈≈≈≈≈≈≈≈*≈**** **
***********,,,,,** #####
*,,,,.,,* #######...#
*,,...>,*
#....##...###.....,,*
####.##.#...(@c......,,*
#<....#.#....###.....,,*
#######...#### *,,...,,*
##### *,,,,.,,* *********


You could see a centaur warrior.

Vanquished Creatures
  Psyche (D:10)
  A hungry ghost (D:5)
  A hippogriff (D:10)
  Edmund (D:6)
  A black bear (D:7)
  A necrophage (D:7)
  An orc warrior (D:10)
  4 ogres
  2 centaurs
  3 big kobolds
  A giant frog (D:10)
  A howler monkey (D:4)
  2 crimson imps
  3 orc priests
  5 hounds
  3 orc wizards (D:4)
  2 iguanas
  Terence (D:2)
  4 worker ants
  A howler monkey skeleton (D:7)
  3 gnolls
  3 adders
  3 shadow imps
  2 oozes
  2 adder skeletons
  3 worms (D:2)
  2 giant geckos
  13 orcs
  A ball python (D:3)
  3 bats
  2 giant cockroaches
  3 goblins
  7 hobgoblins
  3 jackals (D:2)
  16 kobolds
  A quokka (D:2)
  A giant gecko zombie (D:7)
  A jackal zombie (D:6)
  A rat (D:2)
  A spectral orc (D:5)
110 creatures vanquished.

Vanquished Creatures (others)
  An orc (D:4)
1 creature vanquished.

Grand Total: 111 creatures vanquished

Notes
Turn   | Place    | Note
-------+----------+-------------------------------------------
     0 | D:1      | Implojin the Minotaur Fighter began the quest for the Orb.
     0 | D:1      | Reached XP level 1. HP: 19/19 MP: 0/0
    56 | D:2      | Reached skill level 3 in Axes
    66 | D:2      | Reached XP level 2. HP: 22/26 MP: 1/1
   109 | D:2      | Reached skill level 4 in Axes
   145 | D:2      | Noticed Terence
   152 | D:2      | Killed Terence
   152 | D:2      | Reached XP level 3. HP: 25/31 MP: 2/2
   162 | D:2      | Reached skill level 5 in Axes
   231 | D:3      | Reached XP level 4. HP: 31/39 MP: 3/3
   324 | D:3      | Found a sacrificial altar of Ru.
   369 | D:4      | Reached skill level 6 in Axes
   369 | D:4      | Reached XP level 5. HP: 7/45 MP: 4/4
   378 | D:4      | Reached skill level 7 in Axes
   405 | D:4      | Found Foisk's Fabulous Fripperies.
   483 | D:4      | Found a deep blue altar of Sif Muna.
   572 | D:4      | Reached XP level 6. HP: 39/51 MP: 5/5
   607 | D:4      | Reached skill level 8 in Axes
   719 | D:5      | Entered Level 5 of the Dungeon
   719 | D:5      | Noticed a hungry ghost
   736 | D:5      | Killed a hungry ghost
   736 | D:5      | Reached skill level 9 in Axes
   736 | D:5      | Reached XP level 7. HP: 36/57 MP: 6/6
   773 | D:6      | Noticed Edmund
   784 | D:6      | Killed Edmund
   784 | D:6      | Reached skill level 10 in Axes
   858 | D:7      | Found Dinufar's Food Emporium.
   938 | D:7      | Reached skill level 11 in Axes
  1010 | D:7      | Reached XP level 8. HP: 39/64 MP: 7/7
  1222 | D:7      | Found an opulent altar of Gozag.
  1225 | D:7      | Found a stormy altar of Qazlal.
  1357 | D:6      | Reached skill level 12 in Axes
  1468 | D:5      | Found a staircase to the Ecumenical Temple.
  1475 | Temple   | Entered the Ecumenical Temple
  1693 | D:5      | Found a basalt altar of Yredelemnul.
  1756 | D:5      | Found an ancient bone altar of Kikubaaqudgha.
  1762 | D:5      | Found a shattered altar of Ashenzari.
  1762 | D:5      | Found a shimmering altar of Xom.
  1901 | D:8      | You fall through a shaft for 3 floors!
  1971 | D:10     | Entered Level 10 of the Dungeon
  1971 | D:10     | Noticed Psyche
  1978 | D:10     | Killed Psyche
  1978 | D:10     | Reached skill level 13 in Axes
  2039 | D:10     | Noticed an orange crystal statue
  2042 | D:10     | Identified the Reference Book on the Assistive Voyage
  2063 | D:10     | Reached XP level 9. HP: 39/70 MP: 8/8
  2283 | D:8      | Found an iron altar of Okawaru.
  2294 | D:8      | Became a worshipper of Warmaster Okawaru
  2394 | D:10     | Reached skill level 14 in Axes
  2502 | D:10     | Identified Ygezixi's Guide on Helpful Bewitchment
  2525 | D:11     | Noticed a centaur warrior
  2538 | D:11     | HP: 1/70 [centaur warrior (4)]
  2539 | D:11     | Mangled by a centaur warrior

Vault maps used:
D:1:      mainiacjoe_arrival_reflecting_pool
D:2:      minmay_crystal_room, uniq_terence
D:3:      nicolae_ru_great_annihilating_truth, guppyfry_early_lair_pool
D:4:      lemuel_blue_sif_altar, first_bread, st_stairs_1,
          minmay_tree_intersection, nicolae_alphabet_shops, kennysheep_potato
D:5:      gammafunk_temple_overflow_forgotten,
          yredelemnul_forgotten_temple_becter
D:6:      minmay_misc_feat_chi, uniq_edmund
D:7:      minitemple, serial_shops, shop, minmay_misc_feat_rows,
          kennysheep_generic_room_14
D:8:      okawaru_altar_gauntlet_db, special_room, hangedman_pestilent_swarm
D:9:      solitary_fountain
D:10:     minmay_statue_bubble, uniq_psyche
D:11:     minmay_lair_entry_lava, orc_0_dummy, uniq_erica
Temple:   oiseaux_autumnal_temple

Skill      XL: |  1  2  3  4  5  6  7  8  9 |
---------------+----------------------------+-----
Axes           | 3 4 5 6 7 9 11 13 14 | 14.3
Fighting       | |  3.6
Armour         | |  3.6
Shields        | |  3.6

Action                   |  1- 3 |  4- 6 |  7- 9 || total
-------------------------+-------+-------+-------++-------
Melee: War axe           |    51 |   106 |   172 ||   329
       Headbutt          |    11 |    13 |    37 ||    61
Throw: Javelin           |       |       |     1 ||     1
  Use: Potion            |       |     3 |     3 ||     6
       Scroll            |       |       |    15 ||    15
 Stab: Invisible         |       |       |     5 ||     5
  Eat: Chunk             |       |       |     3 ||     3
       Meat ration       |       |       |     1 ||     1
Armor: Scale mail        |    18 |    39 |    64 ||   121
Dodge: Dodged            |    24 |    34 |    47 ||   105
Block: Shield            |    31 |    60 |    77 ||   168

Table legend:
 A = Turns spent in this place as a percentage of turns spent in the entire game.
 B = Non-inter-level travel turns spent in this place as a percentage of non-inter-level travel turns spent in the entire game.
 C = Inter-level travel turns spent in this place as a percentage of turns spent in this place.
 D = Turns resting spent in this place as a percentage of non-inter-level travel turns spent in this place.
 E = Turns spent auto-exploring this place as a percentage of non-inter-level travel turns spent in this place.
 F = Non-inter-level travel turns spent in this place divided by the number of levels of this place that you've seen.
                   A       B       C       D       E      F
               +-------+-------+-------+-------+-------+----------------------
         Total | 100.0 | 100.0 |   0.0 |   0.0 |   0.0 | 211.7
       Dungeon |  93.6 |  93.6 |   0.0 |   0.0 |   0.0 | 216.1
        Temple |   6.4 |   6.4 |   0.0 |   0.0 |   0.0 | 163.0
               +-------+-------+-------+-------+-------+----------------------

Table legend:
 A = Kills in this place as a percentage of kills in entire the game.
 B = Kills by you in this place as a percentage of kills by you in the entire game.
 C = Kills by friends in this place as a percentage of kills by friends in the entire game.
 D = Other kills in this place as a percentage of other kills in the entire game.
 E = Experience gained in this place as a percentage of experience gained in the entire game.
 F = Experience gained in this place divided by the number of levels of this place that you have seen.
                   A       B       C       D       E      F
               +-------+-------+-------+-------+-------+----------------------
         Total | 100.0 | 100.0 |  -nan |  -nan | 100.0 | 292.2
       Dungeon | 100.0 | 100.0 |  -nan |  -nan | 100.0 | 318.7
               +-------+-------+-------+-------+-------+----------------------
